 Dungeon Crawl Stone Soup version 0.31-a0-217-g58bb5d79cf (webtiles) character file.

Game seed: 1863630603560951055

419 qw the Shooter (level 6, -1/52 HPs)
             Began as a Minotaur Hexslinger on July 2, 2023.
             Slain by a black bear (2 damage)
             ... on level 4 of the Dungeon.
             The game lasted 00:01:07 (2986 turns).

qw the Shooter (Minotaur Hexslinger)                Turns: 2986, Time: 00:01:07

Health: -1/52      AC:  9    Str: 13    XL:     6   Next: 62%
Magic:  6/6        EV: 11    Int: 10    God:
Gold:   292        SH:  0    Dex: 14    Spells: 6/7 levels left

rFire   . . .        a - +0 arbalest
rCold   . . .        (shield currently unavailable)
rNeg    . . .        n - +0 ring mail
rPois   .            (helmet restricted)
rElec   .            j - +2 cloak
rCorr   .            b - +0 pair of gloves
SInv    .            (no boots)
Will    .....        (no amulet)
Stlth   +            (no ring)
HPRegen 0.28/turn    (no ring)
MPRegen 0.10/turn

%: no passive effects
@: no status effects
A: horns 2, retaliatory headbutt
a: no special abilities


You were on level 4 of the Dungeon.
You visited 1 branch of the dungeon, and saw 4 of its levels.

You collected 292 gold pieces.


Innate Abilities, Weirdness & Mutations

You have a pair of horns on your head.
You reflexively headbutt those who attack you in melee.


   Skills:
 - Level 4.1 Fighting
 + Level 6.7 Ranged Weapons
 - Level 1.3 Armour
 - Level 2.1 Dodging
 - Level 1.0 Spellcasting
 - Level 2.0 Hexes


You had 6 spell levels left.
You knew the following spells:

 Your Spells              Type           Power      Damage    Failure   Level
a - Slow                  Hex            16%        N/A       32%         1

Your spell library contained the following spells:

 Spells                   Type           Power      Damage    Failure   Level
 Inner Flame              Hex/Fire       2%         N/A       82%         3
 Portal Projectile        Hex/Tloc       4%         N/A       82%         3
 Cause Fear               Hex            2%         N/A       97%         4

Inventory:

Hand Weapons
 a - a +0 arbalest (weapon)
Armour
 b - a +0 pair of gloves (worn)
 j - a +2 cloak (worn)
 n - a +0 ring mail (worn)
Jewellery
 e - a ring of fire
Scrolls
 c - a scroll of immolation {unknown}
 d - 2 scrolls of identify
 f - a scroll of noise {unknown}
Potions
 g - 2 potions of attraction {unknown}
 h - a potion of heal wounds {unknown}
 i - a potion of brilliance {unknown}
 m - 3 potions of curing {unknown}

Dungeon Overview and Level Annotations

Branches:
Dungeon (4/15)
 Temple: D:4-7

Altars:
Elyvilon
Gozag
Xom
The Shining One

Annotations:
D:3 3 runed translucent doors, qw's ghost, amateur DEHu; qw's ghost, amateur GrFi; qw's ghost, amateur GrHs


Message History

The black bear bites you but does no damage.
The black bear claws you. The black bear completely misses you.
The black bear barely misses you. x2; The black bear misses you.
You shoot a bolt. The bolt barely misses the black bear.
The black bear bites you but does no damage.
The black bear claws you.
The black bear claws you but does no damage.
The black bear bites you. The black bear barely misses you.
The black bear claws you but does no damage.
The black bear closely misses you.
The black bear claws you but does no damage.
The black bear closely misses you.
You shoot a bolt.
The bolt hits the black bear but does no damage.
The black bear is severely wounded.
The black bear bites you! The black bear claws you.
The black bear closely misses you. The black bear bites you.
The black bear claws you but does no damage.
The black bear claws you.
You shoot a bolt. The bolt hits the black bear!
The black bear is almost dead.
The black bear bites you but does no damage.
The black bear claws you but does no damage.
The black bear claws you.
The black bear bites you but does no damage.
The black bear claws you. x2
You shoot a bolt. The bolt closely misses the black bear.
The black bear completely misses you.
The black bear claws you but does no damage.
The black bear claws you.
The black bear bites you but does no damage.
The black bear barely misses you.
The black bear claws you but does no damage.
The black bear bites you! The black bear claws you.
The black bear claws you but does no damage.
You shoot a bolt. The bolt closely misses the black bear.
The black bear bites you but does no damage.
The black bear closely misses you. x2; The black bear bites you!
The black bear claws you. x2
You die...

#..# #.##.# #.#
##.#### #..# #.##.#
#.# #..... #..##
#.##.# #.# ######
#####...######.##.#
#.. #
#..................
#.###..........#
##..####...##
#..........#.# #
#........@h..# #
#######..#....... #
#..######## # #..#
# #..# # ....
##...# ##..# .#.


You could see a black bear (berserk).

Vanquished Creatures
  A kobold brigand (D:4)
  A hound (D:4)
  A jelly (D:4)
  Natasha (thrice) (D:4)
  An orc wizard (D:3)
  4 gnolls (D:4)
  6 adders
  An ufetubus (D:4)
  A worm (D:3)
  A dart slug (D:2)
  4 orcs (D:3)
  10 ball pythons
  8 endoplasms
  3 giant cockroaches
  10 goblins
  5 hobgoblins
  5 jackals
  10 kobolds
  3 quokkas
  5 bats
  2 frilled lizards (D:1)
  4 rats
89 creatures vanquished.

Notes
Turn   | Place    | Note
-------+----------+-------------------------------------------
     0 | D:1      | qw the Minotaur Hexslinger began the quest for the Orb.
     0 | D:1      | Reached XP level 1. HP: 16/16 MP: 1/1
     0 | D:1      | 0 ||| qw: Version: 0.3-a-40-ge99b1a8
     0 | D:1      | 0 ||| qw: Game counter: 8024
     0 | D:1      | 0 ||| qw: Melee chars always use a shield: true
     0 | D:1      | 0 ||| qw: God list: Okawaru
     0 | D:1      | 0 ||| qw: Allow faded altars: false
     0 | D:1      | 0 ||| qw: Do Orc after clearing Dungeon:15 true
     0 | D:1      | 0 ||| qw: Do second Lair branch before Depths: true
     0 | D:1      | 0 ||| qw: Lair rune preference: random
     0 | D:1      | 0 ||| qw: Goals: Normal
     0 | D:1      | 0 ||| PLANNING D:1-11
     3 | D:1      | 3 ||| Stepping ~*~*~tactically~*~*~ (water).
   161 | D:1      | Reached skill level 3 in Ranged Weapons
   181 | D:1      | Reached XP level 2. HP: 23/23 MP: 2/2
   608 | D:1      | 608 ||| UPGRADING to +2 cloak.
   613 | D:1      | 613 ||| UPGRADING to +0 ring mail.
   623 | D:1      | 623 ||| DROPPING +0 robe.
   624 | D:1      | 624 ||| DROPPING amulet of magic regeneration.
   625 | D:1      | 625 ||| READING scroll labelled JOGIEST GUFUIRGH.
   626 | D:1      | 626 ||| READING scroll labelled LUKULE MONEHAI.
   627 | D:1      | 627 ||| READING scroll labelled MAUSAD KEWN.
   628 | D:1      | 628 ||| DROPPING scroll of poison.
   641 | D:2      | Reached XP level 3. HP: 27/29 MP: 3/3
   843 | D:2      | Reached skill level 4 in Ranged Weapons
   887 | D:2      | Reached skill level 1 in Armour
   931 | D:2      | Reached XP level 4. HP: 36/36 MP: 4/4
  1338 | D:2      | 1338 ||| UPGRADING to +0 pair of gloves.
  1343 | D:2      | 1343 ||| READING scroll labelled QAOHAEN RINAGE.
  1346 | D:2      | 1346 ||| READING scroll labelled TIKHIE NAOGGE.
  1347 | D:2      | 1347 ||| READING scroll labelled JUBRUD ERHU.
  1491 | D:3      | Found a glowing golden altar of the Shining One.
  1491 | D:3      | Found an opulent altar of Gozag.
  1891 | D:3      | Found a runed translucent gate.
  1891 | D:3      | Found a runed translucent gate.
  1894 | D:3      | Found a runed translucent gate.
  1894 | D:3      | Noticed qw's ghost (amateur GrFi)
  1895 | D:3      | Noticed qw's ghost (amateur GrFi)
  1895 | D:3      | Noticed qw's ghost (amateur DEHu)
  1897 | D:3      | 1897 ||| SWAPPING to +0 arbalest.
  1898 | D:3      | 1898 ||| DROPPING +1 sling.
  1898 | D:3      | Noticed qw's ghost (amateur GrHs)
  2133 | D:3      | Found a shimmering altar of Xom.
  2133 | D:3      | Found a white marble altar of Elyvilon.
  2295 | D:3      | 2295 ||| Stepping ~*~*~tactically~*~*~ (outnumbered).
  2298 | D:3      | Reached skill level 5 in Ranged Weapons
  2301 | D:3      | Reached XP level 5. HP: 24/41 MP: 5/5
  2484 | D:3      | 2484 ||| READING 2 scrolls of identify.
  2484 | D:3      | 2484 ||| IDENTIFYING metallic brown potion
  2485 | D:3      | 2485 ||| DROPPING potion of invisibility.
  2548 | D:4      | Noticed Natasha
  2549 | D:4      | 2549 ||| Stepping ~*~*~tactically~*~*~ (outnumbered).
  2555 | D:4      | Reached skill level 3 in Fighting
  2557 | D:4      | Killed Natasha
  2559 | D:4      | 2559 ||| FLEEEEING.
  2564 | D:4      | Reached skill level 6 in Ranged Weapons
  2564 | D:4      | Reached XP level 6. HP: 39/51 MP: 6/6
  2565 | D:4      | Noticed Natasha
  2573 | D:4      | Killed Natasha
  2662 | D:4      | Noticed Natasha
  2664 | D:4      | Killed Natasha
  2985 | D:4      | HP: 11/52 [black bear (8)]
  2986 | D:4      | HP: 3/52 [black bear (7)]
  2986 | D:4      | HP: 1/52 [black bear (2)]
  2986 | D:4      | Slain by a black bear

Levels and vault maps discovered:
D:1:      eino_arrival_water_star, layout_loops_cross, serial_bayou_lagoon_a,
          minmay_tetromino_l4
D:2:      minmay_alternating_diamond, layout_basic, kennysheep_generic_room_13
D:3:      layout_loops_corners, mainiacjoe_overflow_divided_tiny,
          jmf_multi_god_temple, gammafunk_ghost_cemetery
D:4:      cheibrodos_helix_gallery, layout_loops_ring, uniq_natasha

Skill      XL: |  1  2  3  4  5  6 |
---------------+-------------------+-----
Ranged Weapons | 3 4 5 6 |  6.7
Fighting       | 2 3 4 |  4.1
Armour         | 1 |  1.3
Dodging        | |  2.1
Spellcasting   | |  1.0
Hexes          | |  2.0

Action                     |  1- 3 |  4- 6 || total
---------------------------+-------+-------++-------
   Fire: Sling             |   102 |    85 ||   187
         Arbalest          |       |    74 ||    74
    Use: Scroll            |     3 |     4 ||     7
 Armour: Ring mail         |    15 |    66 ||    81
         Robe              |     2 |       ||     2
  Dodge: Dodged            |    27 |    84 ||   111

Table legend:
 A = Non-vault XP
 B = Vault XP
 C = Vault XP percentage of total XP
 D = Non-vault monster count
 E = Vault monster count
 F = Vault count percentage of total count
                 A         B        C        D         E       F
            +---------+---------+-------+---------+---------+-------
      Total |     510 |      89 |  14.9 |      75 |      14 |  15.7
            +---------+---------+-------+---------+---------+-------
        D:1 |      30 |       4 |  11.8 |      19 |       2 |   9.5
        D:2 |      51 |      25 |  32.9 |      16 |       7 |  30.4
        D:3 |      93 |       4 |   4.1 |      23 |       2 |   8.0
        D:4 |     336 |      56 |  14.3 |      17 |       3 |  15.0
            +---------+---------+-------+---------+---------+-------
